 Dungeon Crawl Stone Soup version 0.18.1-50-g88ac8fd (webtiles) character file.

583 nikopol the Poker (level 7, -11/61 HPs)
             Began as a Minotaur Berserker on Oct 13, 2016.
             Was a Priest of Trog.
             Killed by divine providence
             ... invoked by an orc priest
              (13 damage)
             ... on level 4 of the Dungeon.
             The game lasted 00:06:42 (2010 turns).

nikopol the Poker (Minotaur Berserker)              Turns: 2010, Time: 00:06:43

Health: -11/61     AC:  8    Str: 21    XL:     7   Next: 14%
Magic:  6/6        EV: 13    Int:  4    God:    Trog [***...]
Gold:   121        SH:  0    Dex: 12    Spells: 0 memorised, 6 levels left

rFire  . . .     SeeInvis .     a - +0 trident
rCold  . . .     Gourm    .     g - +0 ring mail
rNeg   . . .     Faith    .     (no shield)
rPois  .         Spirit   .     (helmet restricted)
rElec  .         Dismiss  .     k - +0 cloak
rCorr  .         Reflect  .     (no gloves)
SustAt .         Harm     .     l - +0 pair of boots
MR     .....                    (no amulet)
Stlth  +.........               (no ring)
                                (no ring)

@: not resistant to hostile enchantments, very unstealthy
A: retaliatory headbutt, horns 2
a: Berserk, Trog's Hand, Burn Spellbooks, Renounce Religion


You were on level 4 of the Dungeon.
You worshipped Trog.
Trog was most pleased with you.
You were not hungry.

You visited 1 branch of the dungeon, and saw 4 of its levels.

You collected 121 gold pieces.

Inventory:

Hand Weapons
 a - a +0 trident (weapon)
 w - a +0 spear
Missiles
 r - 75 arrows (quivered)
Armour
 b - a +0 animal skin
 g - a +0 ring mail (worn)
 k - a +0 cloak (worn)
 l - a +0 pair of boots (worn)
Jewellery
 B - a +5 ring of protection {unknown}
Scrolls
 e - a scroll of teleportation
 h - a scroll of remove curse
 n - a scroll of immolation
 x - a scroll of enchant weapon {unknown}
 y - a scroll of fog {unknown}
Potions
 i - a potion of invisibility
 m - a potion of flight
 o - a potion of curing {unknown}
 p - a potion of brilliance {unknown}
 s - a potion of ambrosia {unknown}
 u - a potion of magic {unknown}
 A - a potion of might {unknown}
Comestibles
 c - 2 bread rations
 d - 5 fruits
 j - 4 meat rations
 q - 4 chunks of flesh
 t - a royal jelly
 z - a beef jerky
 C - a slice of pizza


   Skills:
 + Level 5.5 Fighting
 + Level 5.6 Polearms
 + Level 5.1 Armour
 + Level 5.1 Dodging


You had 6 spell levels left.
You didn't know any spells.

Dungeon Overview and Level Annotations

Branches:
Dungeon (4/15)
 Temple: D:4-7

Altars:


Innate Abilities, Weirdness & Mutations

You reflexively headbutt those who attack you in melee.
You have a pair of horns on your head.


Message History

You bump into the rock wall.
Something hits you but does no damage.
You miss something.
You feel less confused. Something hits you but does no damage.
The orc priest miscasts a cantrip.
You miss something. Something hits you but does no damage.
You hit something but do no damage. Your headbutt misses something.
You hear some strange, mumbled words.
A puff of flame appears from out of thin air!
The puff of flame hits you!
* * * LOW HITPOINT WARNING * * *
You closely miss something. Your headbutt misses something. Something hits you.
* * * LOW HITPOINT WARNING * * *
You closely miss something.
You hear the slow rusting of a very distant drain.
Something hits you.
* * * LOW HITPOINT WARNING * * *
The orc priest invokes the aid of Beogh against you.
Beogh smites you!
You die...

* *,,,,,,,,,,* #.#......# *,,, *
******,,,,,* #.#.(....#### *,,, *
*,,,,,* #.#.........# *,,, *
*,,,,,###.#.........# *,,, *
*,,,,,#...'.........# *,,, *
*****,#.#.#.........# *,,, *
*,,,#.####+#.^..# *,,, ****
**,,#.# *,###### **** ,,,* *,,#@#
*,* ,,,* *,,#{#***************
,,,* **,#o',,,,,*,,,,,,,,,
,,,**** *,..##***,*,********
,,,,,,** *,..#,,,,,*,,,,,*,,,
,,,**,,*******..>#,*********,*,**
,,,,,,,≈,,,,,,.#.#,,,,,,,,,,,*,,,
,,,,,,≈≈≈≈,,,..#.#***************
,,,,,≈≈≈≈,,,,,,*,****,*** *,,,,,


You could see an orc priest.

Vanquished Creatures
  Grinder (D:3)
  The ghost of jombi the Skirmisher, an amateur DsFi (D:3)
  An iguana (D:3)
  Jessica (D:3)
  A worker ant (D:4)
  Natasha (D:3)
  3 orc wizards
  2 adders (D:2)
  2 gnolls (D:2)
  An ooze (D:1)
  2 dart slugs
  A giant gecko (D:1)
  11 orcs (D:3)
  9 bats
  A giant cockroach (D:2)
  9 goblins
  12 hobgoblins
  A quokka (D:3)
  A ball python (D:2)
  5 giant newts
  8 kobolds
  5 rats
79 creatures vanquished.

Notes
Turn   | Place    | Note
--------------------------------------------------------------
     0 | D:1      | nikopol the Minotaur Berserker began the quest for the Orb.
     0 | D:1      | Reached XP level 1. HP: 19/19 MP: 0/0
    73 | D:1      | Reached XP level 2. HP: 26/27 MP: 1/1
   568 | D:2      | Reached XP level 3. HP: 33/33 MP: 2/2
   588 | D:2      | Reached ** piety under Trog
  1073 | D:2      | Reached XP level 4. HP: 40/40 MP: 3/3
  1462 | D:3      | Noticed jombi's ghost (amateur DsFi)
  1466 | D:3      | Killed jombi's ghost
  1466 | D:3      | Reached XP level 5. HP: 47/47 MP: 4/4
  1624 | D:3      | Noticed Natasha
  1626 | D:3      | Noticed Grinder
  1628 | D:3      | Killed Natasha
  1628 | D:3      | Reached *** piety under Trog
  1637 | D:3      | Killed Grinder
  1637 | D:3      | Reached skill level 5 in Fighting
  1637 | D:3      | Reached skill level 5 in Polearms
  1637 | D:3      | Reached XP level 6. HP: 56/56 MP: 5/5
  1641 | D:3      | Received a gift from Trog
  1773 | D:3      | Noticed Jessica
  1785 | D:3      | Killed Jessica
  1785 | D:3      | Reached skill level 5 in Armour
  1787 | D:3      | Reached XP level 7. HP: 61/61 MP: 6/6
  1851 | D:3      | Reached skill level 5 in Dodging
  2010 | D:4      | HP: 2/61 [something (3)]
  2010 | D:4      | Killed from afar by an orc priest

Skill      XL: |  1  2  3  4  5  6  7 |
---------------+----------------------+-----
Polearms       | 4 5 |  5.6
Fighting       | 4 5 |  5.5
Armour         | 3 4 5 |  5.1
Dodging        | 3 4 5 |  5.1

Action                   |  1- 3 |  4- 6 |  7- 9 || total
-------------------------+-------+-------+-------++-------
Melee: Spear             |    86 |    42 |       ||   128
       Headbutt          |     8 |    14 |     6 ||    28
       Trident           |       |    28 |    39 ||    67
Invok: Berserk           |     2 |     3 |       ||     5
       Burn Spellbooks   |       |       |     1 ||     1
  Use: Scroll            |       |       |     6 ||     6
  Eat: Chunk             |     2 |     5 |     2 ||     9
Armor: Animal skin       |     4 |       |       ||     4
       Ring mail         |    13 |    19 |     8 ||    40
Dodge: Dodged            |    29 |    41 |    16 ||    86
